 Dungeon Crawl Stone Soup version 0.30-a0-612-g150a0467c1 (webtiles) character file.

Game seed: 11565282905093720958

98 Crownlay the Digger (level 4, -2/24 HPs)
             Began as a Gargoyle Earth Elementalist on Jan 8, 2023.
             Slain by a gnoll
             ... wielding a +0 spear
              (8 damage)
             ... on level 3 of the Dungeon.
             The game lasted 00:02:39 (2406 turns).

Crownlay the Digger (Gargoyle Earth Elementalist)   Turns: 2406, Time: 00:02:40

Health: -2/24      AC:  5    Str: 11    XL:     4   Next: 69%
Magic:  1/9        EV: 11    Int: 18    God:
Gold:   187        SH:  0    Dex: 10    Spells: 8/9 levels left

rFire   . . .      SeeInvis .    i - +0 whip (elec)
rCold   . . .      Faith    .    (no shield)
rNeg    + . .      Spirit   .    a - +0 robe
rPois   ∞          Reflect  .    (no helmet)
rElec   +          Harm     .    (no cloak)
rCorr   .          Rampage  .    (no gloves)
Will    .....                    (no boots)
Stlth   ++                       (no amulet)
HPRegen 0.24/turn                (no ring)
MPRegen 0.11/turn                (no ring)

@: no status effects
A: sickness immunity, AC +3, negative energy resistance 1, electricity
resistance, torment resistance 1, petrification resistance
a: no special abilities


You were on level 3 of the Dungeon.
You visited 1 branch of the dungeon, and saw 3 of its levels.

You collected 187 gold pieces.

Inventory:

Hand Weapons
 i - a +0 whip of electrocution (weapon)
Armour
 a - a +0 robe (worn)
Wands
 j - a wand of quicksilver (9)
Scrolls
 d - a scroll of enchant armour {unknown}
 g - 4 scrolls of identify {unknown}
 h - 2 scrolls of blinking {unknown}
 m - a scroll of teleportation {unknown}
Potions
 b - a potion of magic
 c - 2 potions of heal wounds {unknown}
 e - a potion of cancellation {unknown}
 f - a potion of curing {unknown}
 k - 2 potions of might {unknown}
 l - a potion of lignification {unknown}
 n - a potion of invisibility {unknown}


   Skills:
 - Level 1.5 Dodging
 - Level 2.1 Stealth
 + Level 3.4 Spellcasting
 - Level 0.7 Transmutations
 + Level 5.2 Earth Magic


You had 8 spell levels left.
You knew the following spells:

 Your Spells              Type           Power      Damage    Failure   Level
a - Sandblast             Erth           42%        2d11      1%          1

Your spell library contained the following spells:

 Spells                   Type           Power      Damage    Failure   Level
 Passwall                 Tmut/Erth      10%        N/A       7%          2
 Magic Dart               Conj           12%        1d3       16%         1
 Stone Arrow              Conj/Erth      24%        3d8       16%         3
 Call Imp                 Summ           3%         N/A       24%         2
 Mephitic Cloud           Conj/Pois/Air  3%         N/A       43%         3
 Portal Projectile        Hex/Tloc       6%         N/A       43%         3
 Tukima's Dance           Hex            3%         N/A       43%         3
 Petrify                  Tmut/Erth      13%        N/A       43%         4
 Blade Hands              Tmut           2%         N/A       97%         5


Dungeon Overview and Level Annotations

Branches:
Dungeon (3/15)

Altars:
Sif Muna

Annotations:
D:3 3 runed translucent doors, GokuderaElPsyCongroo's ghost, weakling DrEE; Leeroy's ghost, amateur DrTm; NigelTetley's ghost, amateur DECj; bmj180's ghost, amateur GrEE


Innate Abilities, Weirdness & Mutations

You are immune to sickness and miasma.
Your stone body is resilient. (AC +3)
You are immune to poison.
You resist negative energy. (rN+)
You are resistant to electric shocks. (rElec)
You are resistant to unholy torment.
You are immune to petrification.


Message History

You hear a shout! x2
The kobold throws a stone.
The stone hits you but does no damage.
The kobold throws a stone.
The stone hits you but does no damage.
The blast of sand hits the kobold!
You kill the kobold!
The kobold throws a stone.
The stone hits you but does no damage.
A gnoll comes into view. It is wielding a +0 spear.
A gnoll comes into view. It is wielding a +0 club.
The kobold throws a stone.
The stone closely misses you.
The blast of sand misses the kobold.
The blast of sand hits the kobold.
The kobold is severely wounded.
The blast of sand hits the kobold but does no damage.
The kobold is severely wounded.
The kobold completely misses you. The kobold closely misses you.
A gnoll comes into view. It is wielding a +0 club.
The kobold hits you but does no damage. x2; The kobold barely misses you.
The blast of sand hits the kobold.
You kill the kobold!
The kobold hits you but does no damage.
The gnoll hits you from afar with a +0 spear.
The kobold barely misses you. The gnoll hits you with a +0 club.
The blast of sand hits the gnoll!
You kill the gnoll!
The gnoll closely misses you. The kobold closely misses you.
The kobold hits you but does no damage. The gnoll closely misses you.
The kobold barely misses you. The kobold hits you but does no damage.
The blast of sand hits the kobold but does no damage.
The kobold hits you but does no damage. The gnoll misses you.
The kobold closely misses you.
The blast of sand hits the gnoll!
You kill the gnoll!
The kobold closely misses you.
The gnoll hits you from afar with a +0 spear!
* * * LOW HITPOINT WARNING * * *
The kobold hits you with a +0 club.
* * * LOW HITPOINT WARNING * * *
The kobold hits you but does no damage. The kobold misses you.
The gnoll hits you from afar with a +0 spear!
You die...

≈≈ ≈≈
####################
....#..............# #
...)).)............# .#
#####..............##'#
......†.########......#
........# #)Kg...#
........########@K.(..#
#####............).##+#
.).)'..........)...#
....#..............#
####################


You could see a gnoll and 2 kobolds.

Vanquished Creatures
  3 gnolls (D:3)
  A worm (D:2)
  2 dart slugs
  3 endoplasms
  3 giant cockroaches
  3 goblins
  3 hobgoblins
  5 jackals
  6 quokkas
  9 ball pythons
  4 bats
  5 frilled lizards
  19 kobolds
  3 rats
69 creatures vanquished.

Notes
Turn   | Place    | Note
-------+----------+-------------------------------------------
     0 | D:1      | Crownlay the Gargoyle Earth Elementalist began the quest
                  | for the Orb.
     0 | D:1      | Reached XP level 1. HP: 10/10 MP: 3/3
   130 | D:1      | Reached XP level 2. HP: 15/15 MP: 1/5
   140 | D:1      | Reached skill level 4 in Earth Magic
   706 | D:1      | Reached XP level 3. HP: 19/19 MP: 4/6
  1068 | D:2      | Found a faded altar of an unknown god.
  1378 | D:2      | Found a shimmering blue altar of Sif Muna.
  2072 | D:3      | Found a runed translucent gate.
  2072 | D:3      | Found a runed translucent gate.
  2072 | D:3      | Found a runed translucent gate.
  2074 | D:3      | Noticed bmj180's ghost (amateur GrEE)
  2074 | D:3      | Noticed Leeroy's ghost (amateur DrTm)
  2075 | D:3      | Noticed NigelTetley's ghost (amateur DECj)
  2075 | D:3      | Noticed GokuderaElPsyCongroo's ghost (weakling DrEE)
  2107 | D:3      | Reached XP level 4. HP: 24/24 MP: 5/8
  2256 | D:3      | Reached skill level 5 in Earth Magic
  2406 | D:3      | Slain by a gnoll

Illustrated notes

Levels and vault maps discovered:
D:1:      roderic_dead_forest, layout_basic, minmay_cupped
D:2:      layout_basic, serial_glass, glass_columns_b, glass_columns_a,
          hellmonk_ecumenical_altar_pennies_from_heaven, basic_altar
D:3:      minmay_goblin_kobold_castle, layout_rooms, gammafunk_ghost_cemetery

Skill      XL: |  1  2  3  4 |
---------------+-------------+-----
Earth Magic    | 4 5 |  5.2
Spellcasting   | 3 |  3.4
Dodging        | |  1.5
Stealth        | |  2.1
Transmutations | |  0.7

Action                   |  1- 3 |  4- 6 || total
-------------------------+-------+-------++-------
Melee: Unarmed           |     3 |       ||     3
       Short sword       |     2 |       ||     2
       Whip              |     1 |     2 ||     3
 Cast: Sandblast         |    69 |    31 ||   100
Armor: Robe              |     9 |    13 ||    22
Dodge: Dodged            |    31 |    15 ||    46

Table legend: (Time is in decaauts)
 A = Elapsed time spent in this place.
 B = Non-inter-level travel time spent in this place.
 C = Inter-level travel time spent in this place.
 D = Time resting spent in this place.
 E = Time spent auto-exploring this place.
 F = Levels seen in this place.
 G = Mean time per level.
                   A        B        C        D        E       F      G
               +--------+--------+--------+--------+--------+-----+--------+
         Total |   2456 |   2433 |     23 |      0 |   2043 |   3 |  818.7 |
       Dungeon |   2456 |   2433 |     23 |      0 |   2043 |   3 |  818.7 |
               +--------+--------+--------+--------+--------+-----+--------+

Top non-repeatable levels by time:
     D:1: 1052 daAuts
     D:2: 914 daAuts
     D:3: 489 daAuts
